Map: Oceanborn LE

Players

Creator - Winner!

  • Race: Protoss Protoss
  • Spawn Location: 5:00

DKZJieShi (Jieshi)

  • Race: Protoss Protoss
  • League: Master
  • Spawn Location: 11:00

Event: IEM Katowice 2024

VOD

Have the link to the VOD?

Description

Time

  • Played on: Dec. 7, 2023, 1:53 p.m.
  • Length: 10:51

All games in this series

Show
View Real Time Build Order
Export as new Build Order

Creator Protoss - Winner!

Build Orders:  

Get SALT Encoding   

  12  0:00  Probe  
  13  0:12  Probe  
  14  0:16  Pylon  
  14  0:24  Probe (Chrono Boost)  
  15  0:36  Gateway, Probe (Chrono Boost)  
  16  0:44  Probe (Chrono Boost)  
  16  0:45  Assimilator  
  17  0:51  Probe  
  18  0:57  Assimilator  
  18  1:03  Probe (Chrono Boost)  
  19  1:08  Gateway  
  19  1:12  Probe (Chrono Boost)  
  19  1:17  Probe (Chrono Boost)  
  20  1:24  Cybernetics Core  
  21  1:29  Probe  
  22  1:36  Pylon  
  22  1:41  Probe  
  23  1:54  Probe  
  24  2:01  Stalker x2  
  28  2:02  Warp Gate  
  28  2:10  Pylon  
  28  2:27  Pylon  
  28  2:30  Sentry  
  28  2:32  Sentry  
  32  2:49  Nexus  
  32  2:56  Shield Battery  
  32  3:06  Robotics Facility  
  32  3:12  Probe  
  32  3:15  Stalker  
  34  3:24  Probe  
  35  3:32  Pylon  
  35  3:38  Probe  
  36  3:45  Stalker x2  
  35  3:51  Immortal (Chrono Boost)  
  38  3:56  Sentry, Stalker  
  42  4:03  Probe x2  
  44  4:11  Shield Battery  
  44  4:20  Adept  
  46  4:28  Immortal (Chrono Boost)  
  50  4:32  Sentry  
  52  4:43  Pylon  
  52  4:45  Shield Battery  
  52  4:51  Stalker  
  54  5:03  Pylon  
  54  5:10  Pylon  
  54  5:12  Pylon  
  54  5:19  Immortal (Chrono Boost)  
  55  5:21  Probe  
  55  5:27  Stalker  
  61  5:33  Pylon  
  61  5:34  Zealot  
  59  5:48  Pylon  
  59  5:53  Adept  
  59  5:54  Probe  
  62  6:01  Pylon  
  62  6:04  Pylon  
  62  6:06  Observer, Probe  
  62  6:11  Adept  
  62  6:14  Adept  
  62  6:16  Pylon  
  62  6:18  Probe x2  
  62  6:29  Immortal (Chrono Boost)  
  62  6:30  Probe  
  67  6:36  Stalker  
  67  6:39  Stalker  
  71  6:43  Pylon  
  71  6:50  Pylon  
  71  6:57  Pylon  
  71  7:00  Adept  
  71  7:01  Probe  
  74  7:04  Warp Prism (Chrono Boost)  
  74  7:07  Sentry  
  70  7:10  Pylon  
  70  7:20  Sentry  
  70  7:21  Shield Battery  
  72  7:24  Gateway, Shield Battery  
  72  7:30  Sentry  
  74  7:43  Probe x2  
  76  7:45  Stalker, Pylon  
  76  7:48  Immortal (Chrono Boost)  
  78  7:58  Adept  
  74  7:59  Probe x2  
  71  8:09  Stalker  
  73  8:21  Zealot, Stalker  
  69  8:46  Zealot x2, Adept  
  64  8:50  Pylon  
  39  9:06  Stalker x3  
  28  9:54  Probe  
  29  10:14  Probe  
  30  10:27  Probe  
Show
View Real Time Build Order
Export as new Build Order

DKZJieShi Protoss 

Build Orders: Mass Adepts 

Get SALT Encoding   

  12  0:00  Probe  
  13  0:12  Probe  
  14  0:17  Pylon  
  14  0:24  Probe (Chrono Boost)  
  15  0:37  Gateway, Probe (Chrono Boost)  
  16  0:43  Probe (Chrono Boost)  
  16  0:47  Assimilator  
  17  0:51  Probe  
  17  0:56  Assimilator  
  18  1:03  Probe (Chrono Boost)  
  19  1:08  Gateway  
  19  1:12  Probe (Chrono Boost)  
  19  1:17  Probe (Chrono Boost)  
  20  1:24  Cybernetics Core  
  21  1:29  Probe  
  22  1:35  Pylon  
  22  1:41  Probe  
  23  1:53  Probe  
  24  2:00  Warp Gate  
  24  2:01  Adept x2  
  28  2:13  Pylon  
  28  2:17  Robotics Facility  
  28  2:31  Stalker  
  28  2:34  Stalker  
  32  3:02  Immortal (Chrono Boost)  
  36  3:06  Sentry  
  36  3:10  Pylon  
  38  3:19  Shield Battery  
  38  3:31  Warp Prism (Chrono Boost)  
  40  3:54  Adept x2  
  40  3:57  Gateway  
  40  4:00  Immortal (Chrono Boost)  
  44  4:07  Pylon  
  44  4:26  Adept x2  
  46  4:31  Adept  
  46  4:33  Observer, Pylon  
  49  4:58  Adept x3  
  55  5:02  Robotics Bay  
  55  5:08  Pylon  
  55  5:18  Adept x3  
  57  5:51  Disruptor (Chrono Boost)  
  57  5:52  Adept x2  
  57  5:53  Adept  
  67  5:57  Gravitic Drive  
  67  6:15  Observer  
  57  6:20  Disruptor (Chrono Boost)  
  55  6:30  Adept x2  
  55  6:32  Adept  
  58  6:53  Adept  
  58  6:54  Adept  
  62  6:56  Observer  
  62  6:57  Nexus  
  63  7:11  Probe  
  64  7:16  Adept x2  
  64  7:17  Adept  
  70  7:23  Probe  
  71  7:46  Twilight Council  
  71  7:51  Probe  
  68  8:03  Adept  
  68  8:04  Probe (Chrono Boost), Adept x2  
  71  8:10  Probe (Chrono Boost)  
  72  8:16  Probe (Chrono Boost)  
  74  8:21  Probe (Chrono Boost)  
  74  8:24  Probe (Chrono Boost)  
  73  8:35  Sentry x2  
  73  8:37  Stalker  
  73  8:38  Shield Battery  
  62  9:00  Adept x2  
  52  9:06  Zealot  
  27  9:58  Probe (Chrono Boost)  
  29  10:07  Probe (Chrono Boost)  
  29  10:12  Probe (Chrono Boost)  
  26  10:32  Probe  

Tags
 
Add a new tag
Caveats
  • Supply blocks, unpowered buildings, or Contaminate may cause inaccurate times.
  • Supply counts are checked every 10 seconds.